 Dungeon Crawl Stone Soup version 0.21.0-3-g78d12a8bdd (webtiles) character file.

81 Nivus the Skirmisher (level 4, -10/37 HPs)
             Began as a Human Fighter on Jan 15, 2018.
             Mangled by emikaela's ghost (14 damage)
             ... on level 3 of the Dungeon.
             The game lasted 00:08:05 (1192 turns).

Nivus the Skirmisher (Human Fighter)                Turns: 1192, Time: 00:08:05

Health: -10/37     AC:  7    Str: 20    XL:     4   Next: 67%
Magic:  4/4        EV:  7    Int:  8    God:
Gold:   105        SH:  9    Dex: 13    Spells: 3/3 levels left

rFire    . . .     SeeInvis .   a - +0 rapier
rCold    . . .     Gourm    .   c - +0 shield
rNeg     . . .     Faith    .   b - +0 scale mail
rPois    .         Spirit   .   (no helmet)
rElec    .         Reflect  .   l - scarf {cloud immunity}
rCorr    .         Harm     .   (no gloves)
MR       .....                  (no boots)
Stlth    ..........             (no amulet)
HPRegen  0.12/turn              D - +3 ring of strength
MPRegen  0.09/turn              I - +1 ring of protection

@: no status effects
A: no striking features
a: no special abilities


You were on level 3 of the Dungeon.
You were very hungry.

You visited 1 branch of the dungeon, and saw 3 of its levels.

You collected 105 gold pieces.

Inventory:

Hand Weapons
 a - a +0 rapier (weapon)
 g - a +0 club
 i - a +0 dagger
 k - a +0 spear {1}
 p - a +0 short sword
 s - a +0 dagger
 u - a cursed +0 dagger
 w - a +0 dagger
 y - a +0 short sword
 z - a +0 club
 B - a +0 club
 E - a +0 club
 G - a +0 mace
 H - a +0 club
 L - a +0 dagger
 N - a +0 mace
Missiles
 e - 48 stones (quivered)
 t - 24 arrows
Armour
 b - a +0 scale mail (worn)
 c - a +0 shield (worn)
 l - a scarf of cloud immunity (worn)
 q - a +0 scale mail
 r - a +0 ring mail {ii}
 v - a +0 ring mail
Jewellery
 D - a +3 ring of strength (left hand)
 I - a +1 ring of protection (right hand)
Scrolls
 h - 2 scrolls of remove curse {unknown}
 m - 3 scrolls of noise {unknown}
 F - a scroll of identify {unknown}
 J - a scroll of fog {unknown}
 K - a scroll of teleportation {unknown}
Potions
 d - a potion of might
 j - 2 potions of lignification {unknown}
 n - a potion of berserk rage {unknown}
 o - a potion of curing {unknown}
 x - a potion of haste {unknown}
 A - a potion of brilliance {unknown}
 C - a potion of degeneration {unknown}
 M - a potion of cancellation {unknown}
Comestibles
 f - 4 rations


   Skills:
 + Level 3.7 Fighting
 + Level 2.8 Short Blades
 + Level 3.4 Armour
 + Level 0.4 Dodging
 + Level 3.5 Shields


You had 3 spell levels left.
You didn't know any spells.

Dungeon Overview and Level Annotations

Branches:
Dungeon (3/15)

Altars:

Annotations:
D:3 emikaela's ghost, amateur TrFi


Message History

You hit emikaela's ghost.
Emikaela's ghost is lightly damaged.
Emikaela's ghost hits you!
An adder comes into view.
You hit emikaela's ghost but do no damage.
Emikaela's ghost is lightly damaged.
Emikaela's ghost hits you!
You hit emikaela's ghost but do no damage.
Emikaela's ghost is lightly damaged.
You block emikaela's ghost's attack.
You hit emikaela's ghost but do no damage.
Emikaela's ghost is lightly damaged.
Emikaela's ghost hits you!
* * * LOW HITPOINT WARNING * * *
The adder bites you but does no damage.
Emikaela's ghost hits you but does no damage.
You hit emikaela's ghost but do no damage.
Emikaela's ghost is lightly damaged.
The adder bites you but does no damage. Emikaela's ghost hits you!
You die...

.# .# .# ###
.#... .#.##
....## #.
##S.%..##
##..##@......#
#....W<#......
..#.###........
##.......
....... ##.....
###.. #


You could see emikaela's ghost and an adder.

Vanquished Creatures
  2 adders (D:2)
  3 oozes
  2 dart slugs
  3 leopard geckos
  5 bats
  9 goblins
  5 hobgoblins
  2 frilled lizards
  7 kobolds
  6 rats
44 creatures vanquished.

Notes
Turn   | Place    | Note
-------+----------+-------------------------------------------
     0 | D:1      | Nivus the Human Fighter began the quest for the Orb.
     0 | D:1      | Reached XP level 1. HP: 18/18 MP: 1/1
    82 | D:1      | Reached XP level 2. HP: 21/24 MP: 2/2
   317 | D:1      | Reached XP level 3. HP: 17/29 MP: 3/3
   771 | D:2      | Reached XP level 4. HP: 34/35 MP: 4/4
  1182 | D:3      | Noticed emikaela's ghost (amateur TrFi)
  1192 | D:3      | Mangled by emikaela's ghost

Action                   |  1- 3 |  4- 6 || total
-------------------------+-------+-------++-------
Melee: Rapier            |    99 |    41 ||   140
Armor: Scale mail        |    59 |    20 ||    79
Dodge: Dodged            |    35 |    11 ||    46
Block: Shield            |    65 |    21 ||    86
